 Dungeon Crawl Stone Soup version 0.25.1-8-g42b30a86e7 (webtiles) character file.

Game seed: 5161703322252206201

7585 Morgoth2127 the Fighter (level 10, -4/84 HPs)
             Began as a Mummy Necromancer on Dec 1, 2020.
             Was a Priest of Kikubaaqudgha.
             Slain by a killer bee (6 damage)
             ... on level 9 of the Dungeon on Dec 6, 2020.
             The game lasted 01:25:38 (16900 turns).

Morgoth2127 the Fighter (Mummy Necromancer)        Turns: 16900, Time: 01:25:38

Health: -4/84      AC: 14    Str: 12    XL:     10   Next: 97%
Magic:  8/22       EV:  9    Int: 18    God:    Kikubaaqudgha [***...]
Gold:   470        SH:  0    Dex: 12    Spells: 3/26 levels left

rFire    x . .     SeeInvis .   u - +1 spear (flame)
rCold    + . .     Gourm    .   (no shield)
rNeg     + + +     Faith    .   c - +4 scale mail
rPois    ∞         Spirit   .   y - +0 helmet
rElec    .         Reflect  .   m - +2 cloak
rCorr    .         Harm     .   (no gloves)
MR       +....                  (no boots)
Stlth    ..........             (no amulet)
HPRegen  0.24/turn              k - ring of fire
MPRegen  0.18/turn              A - ring of ice

@: very slightly contaminated
A: no food or potions, fire vulnerability, cold resistance 1, negative energy
resistance 3, torment resistance, unbreathing
a: Receive Corpses, Renounce Religion


You were on level 9 of the Dungeon.
You worshipped Kikubaaqudgha.
Kikubaaqudgha was most pleased with you.
You were not hungry.

You visited 3 branches of the dungeon, and saw 12 of its levels.

You collected 470 gold pieces.

Inventory:

Hand Weapons
 g - a +0 dagger of protection
 s - a +0 hunting sling
 u - a +1 spear of flaming (weapon)
Missiles
 e - 334 stones (quivered)
 f - 142 arrows
 h - 3 atropa-tipped darts
 j - 54 poisoned darts
 n - 9 boomerangs
 p - 44 bolts
 r - 4 silver boomerangs
 v - 9 curare-tipped darts
Armour
 a - a +1 robe
 c - a +4 scale mail (worn)
 m - a +2 cloak (worn)
 y - a +0 helmet (worn)
 B - a +0 kite shield
Jewellery
 i - an uncursed ring of poison resistance
 k - a ring of fire (left hand)
 A - a ring of ice (right hand)
Wands
 b - a wand of enslavement (10)
 w - a wand of paralysis (11)
 x - a wand of clouds (3)
Scrolls
 l - 5 scrolls of amnesia
 o - 3 scrolls of noise
 C - a scroll of enchant weapon


   Skills:
 - Level 9.6 Fighting
 - Level 6.0 Throwing
 - Level 1.5 Dodging
 - Level 1.5 Stealth
 - Level 8.8 Spellcasting
 + Level 0.8 Hexes
 - Level 8.6 Necromancy
 + Level 4.7 Earth Magic


You had 3 spell levels left.
You knew the following spells:

 Your Spells              Type           Power        Failure   Level  Hunger
a - Pain                  Necr           ####         1%          1    N/A
b - Cause Fear            Hex            ##........   98%         4    N/A
c - Vampiric Draining     Necr           #####.....   4%          3    N/A
d - Corpse Rot            Necr/Air       N/A          13%         2    N/A
e - Borgnjor's Vile Clut  Necr/Erth      ####......   65%         5    N/A
v - Animate Dead          Necr           N/A          14%         4    N/A
x - Dispel Undead         Necr           #####...     14%         4    N/A

Your spell library contained the following spells:

 Spells                   Type           Power        Failure   Level  Hunger
 Animate Skeleton         Necr           N/A          1%          1    N/A
 Corona                   Hex            ##.....      34%         1    N/A
 Slow                     Hex            ##......     47%         2    N/A
 Inner Flame              Hex/Fire       ##......     77%         3    N/A
 Portal Projectile        Hex/Tloc       #.....       77%         3    N/A
 Agony                    Necr           #####...     38%         5    N/A
 Leda's Liquefaction      Hex/Erth       ###.......   85%         4    N/A
 Excruciating Wounds      Chrm/Necr      ###.......   93%         5    N/A
 Simulacrum               Ice/Necr       #####.....   100%        6    N/A

Dungeon Overview and Level Annotations

Branches:
Dungeon (9/15)             Temple (1/1) D:6            Lair (2/6) D:8
  Swamp: Lair:2-4    Shoals: Lair:2-4     Snake: Lair:2-4    Spider: Lair:2-4
    Orc: D:9-12

Altars:
Ashenzari
Cheibriados
Dithmenos
Elyvilon
Fedhas
Gozag
Hepliaklqana
Kikubaaqudgha
Makhleb
Nemelex Xobeh
Okawaru
Qazlal
Ru
Sif Muna
Trog
Uskayaw
Vehumet
Wu Jian
Xom
Yredelemnul
Zin
The Shining One
Beogh

Shops:
D:6 [

Annotations:
D:3 2 transporters, exclusion: downstairs, Alannah's ghost, amateur GrFi
D:6 1 runed translucent door, othur's ghost, novice GrFi
D:7 3 runed translucent doors, exclusion: downstairs, Acheron's ghost, amateur DrCj
D:8 2 transporters
Lair:1 exclusion: 2 downstairs


Innate Abilities, Weirdness & Mutations

You do not eat or drink.
Your flesh is vulnerable to fire.
You are immune to poison.
Your flesh is cold resistant. (rC+)
You are immune to negative energy. (rN+++)
You are immune to unholy pain and torment.
You can survive without breathing.


Message History

The killer bee stings you but does no damage. x2
The killer bee stings you.
* * * LOW HITPOINT WARNING * * *
The killer bee barely misses you. The killer bee closely misses you.
The killer bee stings you but does no damage.
The killer bee stings you.
* * * LOW HITPOINT WARNING * * *
The killer bee stings you.
* * * LOW HITPOINT WARNING * * *
The killer bee stings you but does no damage.
The killer bee stings you.
* * * LOW HITPOINT WARNING * * *
The killer bee stings you but does no damage.
The killer bee closely misses you. The killer bee stings you.
* * * LOW HITPOINT WARNING * * *
The killer bee stings you but does no damage.
The killer bee stings you but does no damage.
The killer bee stings you.
You die...
Kikubaaqudgha rasps: "You have failed me!
Welcome... oblivion!"

*#........#......#..#,...#.......
,.........#......'..##'###.......
,.........'.<....#.=....>........
**######..#......#..............#
,,,,,,,#..#####..#..............#
,,,,,,,#......####..............#
,,,,,,,#........................#
**,,,,,#.......y................#
*,,,,,#.......y@...............#
*,,,,,#.......yy...............#
*,,,,,#.......###..............#
*,,,,,#...#####.#..............#
*,,,,,#...#..<..#...####.......#
*,,,,,#...#.....#...#..###.....#
*,,,,,#...#.....##..#....#.....#
**,,,,,#...#...Z..#..'....#...###
,,,,,,,#...#..##'##..#Z...#...#


You could see 4 killer bees.

Vanquished Creatures
  2 two-headed ogres (D:8)
  A black mamba (Lair:2)
  A spiny frog (Lair:1)
  A hornet (D:8)
  3 hippogriffs
  A yak (D:8)
  A hungry ghost (D:9)
  2 water moccasins (Lair:2)
  3 porcupines (Lair:1)
  An orc warrior (D:7)
  A phantom (D:6)
  4 ogres
  2 crocodiles
  7 bullfrogs
  A water moccasin zombie (D:7)
  3 scorpions
  32 killer bees
  A crimson imp (D:4)
  6 orc wizards
  2 orc priests
  4 hounds
  A jelly (D:8)
  2 iguanas
  11 worker ants
  2 hound skeletons
  A mummy (D:5)
  A worker ant zombie (D:5)
  3 gnolls (D:4)
  7 adders
  An ooze (D:5)
  An adder skeleton (D:4)
  2 adder zombies
  2 worms
  A dart slug (D:3)
  4 leopard geckos
  32 orcs
  A ball python (D:1)
  6 giant cockroaches
  10 goblins
  10 hobgoblins
  11 jackals
  10 kobolds
  3 quokkas
  8 bats
  6 frilled lizards
  2 orc zombies (D:5)
  A quokka zombie (D:5)
  4 rats
222 creatures vanquished.

Vanquished Creatures (collateral kills)
  A queen bee (Lair:1)
  A hippogriff (D:8)
  A basilisk (D:8)
  A hungry ghost (D:7)
  A black bear (D:8)
  An ice beast (D:7)
  2 bullfrogs
  A hound (D:9)
  A jelly (D:8)
  A centaur skeleton (D:8)
  A gnoll (D:4)
  An adder skeleton (D:5)
  A leopard gecko (D:8)
  3 orcs (D:7)
  A jackal (D:6)
  A kobold (D:5)
  A fungus (D:8)
20 creatures vanquished.

Grand Total: 242 creatures vanquished

Notes
Turn   | Place    | Note
-------+----------+-------------------------------------------
     0 | D:1      | Morgoth2127 the Mummy Necromancer began the quest for the
                  | Orb.
     0 | D:1      | Reached XP level 1. HP: 13/13 MP: 4/4
   365 | D:1      | Reached XP level 2. HP: 19/19 MP: 4/6
  1377 | D:2      | Reached XP level 3. HP: 10/24 MP: 2/8
  1558 | D:2      | Learned a level 3 spell: Vampiric Draining
  1927 | D:2      | Found a glowing silver altar of Zin.
  2284 | D:3      | Reached XP level 4. HP: 23/30 MP: 1/10
  2671 | D:3      | Reached skill level 5 in Necromancy
  2940 | D:3      | Learned a level 4 spell: Animate Dead
  2990 | D:3      | Found a transporter.
  3022 | D:3      | Noticed a hungry ghost
  3157 | D:3      | Found a transporter.
  3157 | D:3      | Noticed Alannah's ghost (amateur GrFi)
  3391 | D:4      | Reached skill level 5 in Spellcasting
  3391 | D:4      | Reached XP level 5. HP: 24/35 MP: 0/12
  3392 | D:4      | Noticed an ogre
  3726 | D:4      | HP: 1/35 [something/puff of flame (5)]
  4145 | D:4      | Reached XP level 6. HP: 29/41 MP: 4/14
  4452 | D:5      | Entered Level 5 of the Dungeon
  5682 | D:4      | Reached XP level 7. HP: 41/46 MP: 12/17
  6138 | D:5      | Found a shimmering blue altar of Sif Muna.
  6142 | D:5      | Found an ancient bone altar of Kikubaaqudgha.
  6151 | D:5      | Became a worshipper of Kikubaaqudgha
  6156 | D:5      | Found a bloodstained altar of Trog.
  6174 | D:5      | Found a sparkling altar of Nemelex Xobeh.
  7222 | D:5      | Reached * piety under Kikubaaqudgha
  7222 | D:5      | Identified Kikubaaqudgha's Incunabulum of Evil Rites
                  | (Kikubaaqudgha gifted it to you on level 5 of the Dungeon)
  7222 | D:5      | Received a gift from Kikubaaqudgha
  7229 | D:5      | Learned a level 2 spell: Corpse Rot
  7856 | D:6      | Reached skill level 1 in Fighting
  7860 | D:6      | Found Aribreets's Antique Armour Boutique.
  7932 | D:6      | Reached XP level 8. HP: 46/54 MP: 7/20
  8099 | D:6      | Reached skill level 2 in Fighting
  8141 | D:6      | Found a staircase to the Ecumenical Temple.
  8247 | Temple   | Entered the Ecumenical Temple
  8513 | D:6      | Found a runed translucent door.
  8514 | D:6      | Noticed othur's ghost (novice GrFi)
  8944 | D:6      | Reached skill level 3 in Fighting
  9116 | D:6      | Reached skill level 4 in Fighting
  9226 | D:6      | Found a hazy altar of Hepliaklqana.
  9516 | D:7      | Found a runed translucent gate.
  9517 | D:7      | Found a runed translucent gate.
  9518 | D:7      | Found a runed translucent gate.
  9519 | D:7      | Found a roughly hewn altar of Beogh.
  9520 | D:7      | Noticed Acheron's ghost (amateur DrCj)
  9533 | D:7      | Found an opulent altar of Gozag.
  9555 | D:7      | Reached skill level 5 in Fighting
  9639 | D:7      | Reached ** piety under Kikubaaqudgha
  9936 | D:7      | Found a stormy altar of Qazlal.
  9988 | D:7      | Reached skill level 6 in Fighting
 10026 | D:7      | Noticed a hippogriff
 10040 | D:7      | Killed a hippogriff
 10428 | D:7      | Reached skill level 7 in Fighting
 10428 | D:7      | Reached XP level 9. HP: 57/72 MP: 10/21
 10490 | D:7      | HP: 2/72 [killer bee (7)]
 11117 | D:8      | Found a white marble altar of Elyvilon.
 11141 | D:8      | Noticed a two-headed ogre
 11248 | D:8      | Reached skill level 8 in Fighting
 11342 | D:8      | Killed a two-headed ogre
 11342 | D:8      | Reached skill level 9 in Fighting
 11663 | D:8      | Found a staircase to the Lair.
 11670 | D:8      | Reached skill level 1 in Throwing
 11925 | Lair:1   | Entered Level 1 of the Lair of Beasts
 12181 | Lair:1   | Reached XP level 10. HP: 81/84 MP: 14/22
 12663 | Lair:1   | Reached skill level 5 in Throwing
 12974 | Lair:1   | Reached *** piety under Kikubaaqudgha
 12974 | Lair:1   | Identified Kikubaaqudgha's Papyrus of Evil Rites
                  | (Kikubaaqudgha gifted it to you on level 1 of the Lair of
                  | Beasts)
 12974 | Lair:1   | Received a gift from Kikubaaqudgha
 12990 | Lair:1   | Learned a level 4 spell: Dispel Undead
 13191 | Lair:1   | Learned a level 5 spell: Borgnjor's Vile Clutch
 13477 | Lair:1   | Noticed a spiny frog
 13489 | Lair:1   | Killed a spiny frog
 14322 | Lair:2   | Noticed a five-headed hydra
 14852 | Lair:2   | Noticed a black mamba
 14860 | Lair:2   | Killed a black mamba
 15612 | D:8      | Found a transporter.
 16032 | D:8      | Noticed a two-headed ogre
 16049 | D:8      | Killed a two-headed ogre
 16282 | D:8      | Noticed an orc high priest
 16318 | D:8      | Found a transporter.
 16599 | D:9      | Learned a level 4 spell: Cause Fear
 16898 | D:9      | HP: 3/84 [killer bee (5)]
 16900 | D:9      | Slain by a killer bee

Illustrated notes

Levels and vault maps discovered:
D:1:      onia_arrival_mini_spirals, layout_basic
D:2:      layout_basic, nicolae_overflow_crystal_walls, fountainhead
D:3:      layout_loops_ring, gammafunk_ghost_mausoleum
D:4:      layout_basic, first_ration, chequers_mini_garden
D:5:      corexii_shack_village, layout_rooms, minmay_overflow_temple_star_quad,
          nemelex_xobeh_ov_fountains_minmay, nicolae_ossuary_entry_giza
D:6:      layout_layer_cave, marbit_many_paths, minmay_temple_entry_fiery,
          serial_shops, shop, ebering_ghost_inner_flame
D:7:      layout_rooms, nicolae_overflow_hidden_temple,
          biasface_ghost_orc_armoury
D:8:      gammafunk_the_bubble [the_bubble_gammafunk_crates], layout_gridville,
          elyvilon_altar_5, david_lair_generic
D:9:      layout_irregular_city, minmay_joined_circles
Temple:   nicolae_temple_figure_eight
Lair:1:   layout_roguey [special_room_bee], serial_bayou_shore_a
Lair:2:   layout_cellular_growth

Skill      XL: |  1  2  3  4  5  6  7  8  9 10 |
---------------+-------------------------------+-----
Spellcasting   | 3 4 5 6 8 |  8.8
Necromancy     | 5 6 7 8 |  8.6
Fighting       | 1 7 9 |  9.6
Throwing       | 3 6 |  6.0
Earth Magic    | 4 |  4.7
Dodging        | |  1.5
Stealth        | |  1.5
Hexes          | |  0.8

Action                   |  1- 3 |  4- 6 |  7- 9 | 10-12 || total
-------------------------+-------+-------+-------+-------++-------
Melee: Unarmed           |     1 |       |       |       ||     1
       Spear             |    19 |       |   243 |   100 ||   362
       Dagger            |     7 |   101 |       |       ||   108
Throw: Stone             |       |       |    11 |     7 ||    18
 Cast: Pain              |    84 |    97 |   177 |   117 ||   475
       Vampiric Draining |     1 |    22 |    55 |    56 ||   134
       Animate Dead      |       |     5 |    23 |    11 ||    39
       Corpse Rot        |       |       |     5 |       ||     5
       Dispel Undead     |       |       |       |     2 ||     2
Evoke: Wand              |       |       |     1 |       ||     1
  Use: Scroll            |     2 |     4 |    11 |     5 ||    22
 Stab: Distracted        |       |       |     2 |       ||     2
       Sleeping          |       |       |     2 |       ||     2
       Paralysed         |       |       |     5 |       ||     5
Armor: Robe              |    22 |    50 |    89 |     8 ||   169
       Scale mail        |       |       |       |   271 ||   271
Dodge: Dodged            |    59 |    92 |   225 |   245 ||   621
